 Dungeon Crawl Stone Soup version 0.28.0-45-g0d030f2227 (webtiles) character file.

Game seed: 14981419443366131900

67 pkoi the Charlatan (level 3, -4/27 HPs)
             Began as a Demigod Artificer on Apr 19, 2022.
             Slain by Natasha (6 damage)
             ... on level 2 of the Dungeon.
             The game lasted 00:03:04 (2366 turns).

pkoi the Charlatan (Demigod Artificer)              Turns: 2366, Time: 00:03:05

Health: -4/27      AC:  5    Str: 13    XL:     3   Next: 70%
Magic:  6/6        EV: 11    Int: 17    God:
Gold:   15         SH:  0    Dex: 14    Spells: 0/3 levels left

rFire   + . .      SeeInvis .   f - +0 spear
rCold   + . .      Faith    .   (no shield)
rNeg    . . .      Spirit   .   b - +0 leather armour
rPois   +          Reflect  .   (no helmet)
rElec   +          Harm     .   (no cloak)
rCorr   +          Rampage  .   i - +0 pair of gloves
Will    .....                   h - +0 pair of boots
Stlth   +.........              (no amulet)
HPRegen 0.09/turn               (no ring)
MPRegen 0.10/turn               (no ring)

@: resistant, slowed, very slow
A: high MP 1, forlorn, divine attributes
a: no special abilities


You were on level 2 of the Dungeon.
You visited 1 branch of the dungeon, and saw 2 of its levels.

You collected 15 gold pieces.

Inventory:

Hand Weapons
 a - a +0 club
 f - a +0 spear (weapon)
 n - a +0 whip
Missiles
 l - 5 atropa-tipped darts
Armour
 b - a +0 leather armour (worn)
 h - a +0 pair of boots (worn)
 i - a +0 pair of gloves (worn)
 m - a +0 ring mail
Wands
 c - a wand of flame (11) (quivered)
 d - a wand of charming (11)
Scrolls
 j - 3 scrolls of identify
 o - a scroll of silence {unknown}
Potions
 k - a potion of might
Miscellaneous
 e - a piece from Xom's chessboard (12/15)


   Skills:
 - Level 0.8 Fighting
 - Level 1.7 Armour
 - Level 0.8 Dodging
 - Level 0.8 Stealth
 + Level 1.6 Unarmed Combat
 + Level 0.9 Spellcasting
 + Level 1.0 Transmutations
 + Level 0.7 Fire Magic
 + Level 3.3 Evocations


You couldn't memorise any spells.
You knew the following spells:

 Your Spells              Type           Power      Damage    Failure   Level
a - Beastly Appendage     Tmut           8%         N/A       19%         1
b - Scorch                Fire           6%         2d5       30%         2

Your spell library contained the following spells:

 Spells                   Type           Power      Damage    Failure   Level
 Corpse Rot               Necr/Air       0%         N/A       38%         2
 Inner Flame              Hex/Fire       2%         N/A       56%         3
 Vampiric Draining        Necr           0%         2d6       63%         3
 Fire Storm               Conj/Fire      1%         7d1       100%        9


Dungeon Overview and Level Annotations

Branches:
Dungeon (2/15)

Annotations:
D:2 Natasha


Innate Abilities, Weirdness & Mutations

You have an increased reservoir of magic. (+10% MP)
You shall have no god before yourself.
Your divine heritage dramatically boosts your attributes as you level up.


Message History

Natasha is moderately wounded.
Natasha howls an incantation.
You feel disoriented. Natasha claws you.
* * * LOW HITPOINT WARNING * * *
You closely miss Natasha.
Natasha is moderately wounded.
Natasha casts a spell at you. The magic dart hits you!
* * * LOW HITPOINT WARNING * * *
You make a move on Xom's chessboard...
Natasha struggles to resist.
Natasha casts a spell at you.
You feel yourself slow down.
Unknown command.
You make a move on Xom's chessboard...
The crimson imp resists with some effort.
Natasha claws you.
* * * LOW HITPOINT WARNING * * *
The crimson imp blinks!
Natasha casts a spell at you. The magic dart hits you.
* * * LOW HITPOINT WARNING * * *
It was a potion of resistance.
You feel protected. The crimson imp spits at you.
The crimson imp hits you but does no damage.
Natasha closely misses you. The crimson imp closely misses you.
Aiming: Charm
Press: ? - help, Shift-Dir - straight line, f - Natasha
Aim: Natasha (moderately wounded, chance to affect: 57%) Natasha resists with significant effort.
Natasha misses you. The crimson imp misses you.
Natasha claws you but does no damage.
Unknown command.
Aiming: Charm
Press: ? - help, Shift-Dir - straight line, f/p - Natasha
Aim: Natasha (moderately wounded, chance to affect: 57%) Natasha resists with significant effort.
The crimson imp barely misses you. Natasha claws you.
You die...

#...<#.###.# #.#.##.# #.
#.##.......# . #....# ######.
#.#.############..######......
##.#............h5.............
#................................
####......###.........#####......
#...8..# #†#######.# #......
#......# #.#######.# #......
##...... #.#5@h....# #......
##......#.#.####### #......
######.#.#.# #...... #.#.#
##.#### #.#.############.#
#..............# ################


You could see Natasha and a crimson imp (summoned).

Vanquished Creatures
  An adder (D:2)
  A worm (D:2)
  A dart slug (D:1)
  3 ball pythons
  4 bats
  3 bat zombies (D:2)
  3 endoplasms
  2 giant cockroaches
  5 goblins
  3 hobgoblins (D:2)
  5 jackals
  4 quokkas (D:1)
  A ball python skeleton (D:2)
  5 frilled lizards
  2 rats
43 creatures vanquished.

Vanquished Creatures (others)
  Natasha (D:2)
  A jackal (D:2)
  3 withered plants (D:2)
5 creatures vanquished.

Grand Total: 48 creatures vanquished

Notes
Turn   | Place    | Note
-------+----------+-------------------------------------------
     0 | D:1      | pkoi the Demigod Artificer began the quest for the Orb.
     0 | D:1      | Reached XP level 1. HP: 15/15 MP: 3/3
   213 | D:1      | Reached skill level 3 in Evocations
   252 | D:1      | Got Plato's Compendium of Shape Shifting
   375 | D:1      | Reached skill level 1 in Unarmed Combat
   421 | D:1      | Reached XP level 2. HP: 14/22 MP: 4/4
   628 | D:1      | Learned a level 1 spell: Beastly Appendage
  1280 | D:2      | Reached XP level 3. HP: 21/27 MP: 4/6
  1481 | D:2      | Got the Handbook of Evil Fire
  1497 | D:2      | Learned a level 2 spell: Scorch
  1827 | D:2      | Noticed Natasha
  1846 | D:2      | Your ally Natasha died
  1906 | D:2      | Noticed Natasha
  2290 | D:2      | Reached skill level 1 in Transmutations
  2363 | D:2      | HP: 1/27 [Natasha/magic dart (4)]
  2366 | D:2      | Slain by Natasha

Illustrated notes

Levels and vault maps discovered:
D:1:      wander_arrival_chamber, layout_loops_corners,
          shapermc_ecumenical_altar_rom_forum
D:2:      layout_basic, serial_undead, serial_undead_c, serial_undead_a,
          serial_undead_d, serial_undead_b, uniq_natasha

Skill      XL: |  1  2  3 |
---------------+----------+-----
Evocations     | 3 |  3.3
Unarmed Combat | 1 |  1.6
Transmutations | 1 |  1.0
Fighting       | |  0.8
Armour         | |  1.7
Dodging        | |  0.8
Stealth        | |  0.8
Spellcasting   | |  0.9
Fire Magic     | |  0.7

Action                   || total
-------------------------++-------
Melee: Spear             ||   164
       Club              ||     3
       Punch             ||     4
Evoke: Wand              ||     8
       Piece from Xom's  ||     3
  Use: Scroll            ||     3
       Potion            ||     1
 Stab: Sleeping          ||     5
Armor: Leather armour    ||    68
Dodge: Dodged            ||   102
